 Dungeon Crawl Stone Soup version 0.24-a0-434-gd57e52fea8 (webtiles) character file.

Game seed: 14264113350741832116

31229 MachJacob the Spry (level 13, -5/88 HPs)
             Began as a Kobold Conjurer on June 14, 2019.
             Was a Priest of Ashenzari.
             Killed by divine providence
             ... invoked by a meliai
              (13 damage)
             ... on level 5 of the Lair of Beasts on June 15, 2019.
             The game lasted 02:26:06 (41869 turns).

MachJacob the Spry (Kobold Conjurer)               Turns: 41869, Time: 02:26:06

Health: -5/88      AC:  6    Str:  8    XL:     13   Next: 94%
Magic:  17/20      EV: 42    Int: 18    God:    Ashenzari [***...]
Gold:   1137       SH:  0    Dex: 16    Spells: 12/22 levels left

rFire    + . .     SeeInvis +   b - +0 dagger (curse)
rCold    + . .     Gourm    .   (shield restricted)
rNeg     . . .     Faith    .   G - +2 robe {rC+}
rPois    +         Spirit   .   (no helmet)
rElec    .         Reflect  .   l - scarf {cloud immunity} (curse)
rCorr    .         Harm     .   f - +1 pair of gloves
MR       .....                  (no boots)
Stlth    ++++......             H - amulet of the acrobat
HPRegen  0.24/turn              E - ring of poison resistance
MPRegen  0.17/turn              i - ring of protection from fire

@: acrobat
A: small, carnivore
a: Curse Item, Scrying, Renounce Religion


You were on level 5 of the Lair of Beasts.
You worshipped Ashenzari.
Ashenzari was most pleased with you.
You were very full.

You visited 3 branches of the dungeon, and saw 17 of its levels.

You collected 1137 gold pieces.

Inventory:

Hand Weapons
 b - a cursed +0 dagger (weapon)
   (You took it off a kobold on level 1 of the Dungeon)
Missiles
 h - 516 stones
 z - 6 silver boomerangs
 O - 3 poisoned darts (quivered)
Armour
 a - a +0 robe
 f - a +1 pair of gloves (worn)
   (You found it on level 2 of the Dungeon)
 l - a cursed scarf of cloud immunity (worn)
   (You found it on level 2 of the Dungeon)
 G - a +2 robe of cold resistance (worn)
   (You took it off Fannar on level 1 of the Lair of Beasts)
 Q - a +1 cloak of magic resistance
   (You found it on level 5 of the Lair of Beasts)
Jewellery
 g - an uncursed ring of flight
   (You found it on level 11 of the Dungeon)
 i - a ring of protection from fire (right hand)
   (You found it on level 3 of the Lair of Beasts)
 n - an uncursed ring of positive energy
   (You found it on level 4 of the Lair of Beasts)
 o - an uncursed ring of protection from cold
   (You found it on level 4 of the Dungeon)
 E - a ring of poison resistance (left hand)
   (You found it on level 10 of the Dungeon)
 H - an amulet of the acrobat (around neck)
   (You found it on level 1 of the Lair of Beasts)
Wands
 c - a wand of disintegration (20)
   (You found it on level 7 of the Dungeon)
 d - a wand of iceblast (5)
   (You found it on level 2 of the Lair of Beasts)
 u - a wand of paralysis (14)
   (You found it on level 4 of the Dungeon)
 x - a wand of acid (6)
   (You took it off a wight on level 7 of the Dungeon)
 A - a wand of scattershot (1)
   (You took it off Maurice on level 9 of the Dungeon)
 L - a wand of enslavement (6)
   (You found it on level 4 of the Lair of Beasts)
Scrolls
 j - a scroll of blinking
 k - 4 scrolls of immolation {!r}
 r - 2 scrolls of identify {@r1}
 t - 4 scrolls of teleportation {@r4}
 w - a scroll of silence
 y - a scroll of torment {!r}
 B - a scroll of enchant weapon
 F - 3 scrolls of fear
 I - 5 scrolls of enchant armour
 J - 3 scrolls of fog
 N - 3 scrolls of remove curse {@r2}
 P - 2 scrolls of vulnerability {!r}
Potions
 m - 3 potions of flight
 p - 4 potions of magic
 q - 5 potions of heal wounds {@q2}
 s - a potion of agility {unknown}
 v - 4 potions of lignification {!q}
 C - a potion of cancellation
 D - 3 potions of ambrosia
 K - a potion of might
 M - a potion of brilliance
Comestibles
 e - 28 rations {!d}


   Skills:
 + Level 13.1 Fighting
 - Level 7.1(10.1) Short Blades
 - Level 5.0 Throwing
 + Level 15.4 Dodging
 * Level 7.6 Stealth
 - Level 5.0 Spellcasting
 - Level 8.0 Conjurations
 - Level 4.1 Hexes
 - Level 6.0 Evocations


You had 12 spell levels left.
You knew the following spells:

 Your Spells              Type           Power        Failure   Level  Hunger
a - Magic Dart            Conj           ####         1%          1    None
b - Dazzling Spray        Conj/Hex       ####..       3%          3    ##.....
s - Searing Ray           Conj           ####..       1%          2    #......
x - Iskenderun's Mystic   Conj           ####....     4%          4    ####...

Your spell library contained the following spells:

 Spells                   Type           Power        Failure   Level  Hunger
 Fulminant Prism          Conj/Hex       ####......   11%         4    ####...
 Beastly Appendage        Tmut           #.....       13%         1    None
 Sticks to Snakes         Tmut           #.......     21%         2    #......
 Force Lance              Conj/Tloc      ###.....     26%         4    ####...
 Spider Form              Tmut/Pois      #.........   36%         3    ##.....
 Ice Form                 Ice/Tmut       #.......     78%         4    ####...
 Blade Hands              Tmut           #.........   98%         5    ######.


Dungeon Overview and Level Annotations

Branches:
Dungeon (11/15)            Temple (1/1) D:4            Lair (5/6) D:9
  Swamp (0/4) Lair:4        Snake (0/4) Lair:4          Orc (0/2) D:11
  Slime: Lair:5-6

Altars:
Ashenzari
Cheibriados
Dithmenos
Elyvilon
Fedhas
Gozag
Hepliaklqana
Kikubaaqudgha
Makhleb
Nemelex Xobeh
Okawaru
Qazlal
Ru
Sif Muna
Trog
Uskayaw
Vehumet
Wu Jian
Xom
Yredelemnul
Zin
The Shining One

Annotations:
D:5 2 transporters, Nitrous's ghost, amateur DECj
D:7 2 transporters, dricus's ghost, novice DgIE
D:10 Josephine; Nergalle
Lair:2 exclusion: sensed monster (detected), Erica
Lair:3 1 runed translucent door, Qocimuv's ghost, journeyman GrFi


Innate Abilities, Weirdness & Mutations

You are small and have problems with some larger weapons.
You are carnivorous and can eat meat at any time.


Message History

A meliai comes into view. It is wielding a +0 hand axe.
The meliai moves out of view.
The meliai is too close now for your liking.
Aim: a meliai, wielding a +0 hand axe and wearing a +0 robe (hasn't noticed you)
The magic dart hits the meliai.
The meliai buzzes angrily.
The meliai invokes the aid of its god against you.
Something smites you!
Aim: a meliai, wielding a +0 hand axe and wearing a +0 robe (moderately wounded)
The magic dart hits the meliai but does no damage.
A five-headed hydra comes into view.
Aim: a meliai, wielding a +0 hand axe and wearing a +0 robe (moderately wounded)
The magic dart hits the meliai.
The five-headed hydra roars!
The meliai closely misses you. The meliai completely misses you.
Aim: a meliai, wielding a +0 hand axe and wearing a +0 robe (heavily wounded)
The magic dart hits the meliai!
The meliai calls down the wrath of its god upon you.
Something smites you!
The meliai calls down the wrath of its god upon you.
Something smites you!
Aim: a meliai, wielding a +0 hand axe and wearing a +0 robe (severely wounded)
The magic dart hits the meliai but does no damage.
The meliai hits you with a +0 hand axe!
* * * LOW HITPOINT WARNING * * *
The meliai stings you.
* * * LOW HITPOINT WARNING * * *
The meliai misses you. The meliai completely misses you.
Aim: a meliai, wielding a +0 hand axe and wearing a +0 robe (severely wounded)
The magic dart hits the meliai.
The meliai calls down the wrath of its god upon you.
Something smites you!
* * * LOW HITPOINT WARNING * * *
The meliai barely misses you. x2
There's nothing to close nearby.
Unknown command.
Okay, then.
The mass of ice explodes!
The iceblast engulfs the meliai!
You kill the meliai!
The five-headed hydra completely misses you.
The five-headed hydra misses you. The five-headed hydra bites you.
* * * LOW HITPOINT WARNING * * *
The five-headed hydra completely misses you. x2
A meliai comes into view. It is wielding a +0 war axe.
The meliai invokes the aid of its god against you.
Something smites you!
* * * LOW HITPOINT WARNING * * *
The meliai mumbles some strange prayers to its god against you.
Something smites you!
You die...

, ...... ,##.#.## , , ,
#.y...####### ,##.#....
,#......≈..#.####.#)#### ,
#........#...##...##... ,
,, #.......#..≈..#.#.#.#..
*#......#.......#...... *
##.....#..#....#.#.#.. , *
#.......#...##...##...
#*#....@#..#.####.#.#### ,
.##.#P...########.##.#)...
..(.....D######....##.#.##
.###.........##.....##....
* ##......#.##†.P...####.
#..........#....###... *
#....##.≈...######..≈. *
#...##......####...... , ,
#.#.P##.##.#...#####..#


You could see a five-headed hydra and a meliai.

Vanquished Creatures
  3 hydras
  Fannar (Lair:1)
  A queen ant (Lair:2)
  A death yak (Lair:4)
  An unseen horror (D:10)
  A manticore (Lair:5)
  5 elephants
  Maurice (D:9)
  2 black mambas
  9 spiny frogs
  2 rime drakes (Lair:5)
  8 komodo dragons
  A queen bee (D:9)
  3 polar bears
  A troll (D:9)
  A meliai (Lair:5)
  Prince Ribbit (D:8)
  17 blink frogs
  8 hippogriffs
  2 wraiths
  3 fire bats (Lair:5)
  2 basilisks (Lair:3)
  A wyvern (Lair:4)
  14 yaks
  7 water moccasins
  2 soldier ants (Lair:2)
  4 porcupines
  4 orc warriors
  A black bear (D:6)
  2 phantoms
  A necrophage (D:8)
  An ogre (D:9)
  4 centaurs
  11 wolves
  8 crocodiles
  2 big kobolds
  12 bullfrogs
  A wyvern skeleton (D:10)
  4 scorpions
  41 killer bees
  4 wights
  5 howler monkeys
  5 crimson imps
  3 bullfrog skeletons
  A centaur zombie (D:8)
  5 jellies
  5 orc priests
  A centaur skeleton (D:9)
  A hound (D:6)
  5 orc wizards
  An iguana (D:7)
  10 hell rats
  23 worker ants
  A hound zombie (D:8)
  A worker ant zombie (D:6)
  2 hound skeletons
  3 gnolls (D:7)
  11 river rats
  11 adders
  4 shadow imps
  An ufetubus (D:10)
  An ooze (D:6)
  5 worms
  6 dart slugs
  8 leopard geckos
  14 orcs
  A ball python (D:2)
  3 giant cockroaches
  6 hobgoblins
  20 jackals
  18 kobolds
  13 quokkas
  8 bats
  8 frilled lizards
  7 goblins
  A jackal skeleton (D:7)
  21 rats
  2 plants (Lair:1)
439 creatures vanquished.

Vanquished Creatures (others)
  36 fungi
  9 plants
45 creatures vanquished.

Grand Total: 484 creatures vanquished

Notes
Turn   | Place    | Note
-------+----------+-------------------------------------------
     0 | D:1      | MachJacob the Kobold Conjurer began the quest for the Orb.
     0 | D:1      | Reached XP level 1. HP: 10/10 MP: 3/3
   249 | D:1      | Reached XP level 2. HP: 11/15 MP: 0/5
   442 | D:1      | Learned a level 2 spell: Searing Ray
   738 | D:1      | Reached XP level 3. HP: 19/19 MP: 3/6
  1020 | D:1      | Reached skill level 3 in Dodging
  1500 | D:2      | Learned a level 3 spell: Dazzling Spray
  1601 | D:2      | Found a snail-covered altar of Cheibriados.
  1705 | D:2      | Reached XP level 4. HP: 24/24 MP: 3/8
  2149 | D:2      | Reached skill level 1 in Hexes
  2514 | D:2      | Reached skill level 5 in Conjurations
  2514 | D:2      | Reached XP level 5. HP: 28/28 MP: 4/9
  3461 | D:3      | HP: 1/28 [orc priest/divine providence (10)]
  4204 | D:4      | Learned a level 4 spell: Iskenderun's Mystic Blast
  4217 | D:4      | Found a staircase to the Ecumenical Temple.
  4223 | Temple   | Entered the Ecumenical Temple
  4550 | Temple   | Became a worshipper of Ashenzari the Shackled
  4698 | D:4      | Found a radiant altar of Vehumet.
  4866 | D:4      | Reached XP level 6. HP: 32/32 MP: 7/10
  4870 | D:4      | Found a sparkling altar of Nemelex Xobeh.
  5148 | D:4      | Found an opulent altar of Gozag.
  5241 | D:4      | Noticed a phantom
  5325 | D:4      | Found an ancient bone altar of Kikubaaqudgha.
  5824 | D:4      | Reached skill level 4 in Dodging
  6019 | D:5      | Entered Level 5 of the Dungeon
  6134 | D:4      | Reached XP level 7. HP: 36/36 MP: 0/12
  6947 | D:5      | Found a transporter.
  6948 | D:5      | Found a transporter.
  6948 | D:5      | Noticed Nitrous's ghost (amateur DECj)
  6974 | D:5      | Found a shimmering altar of Xom.
  7955 | D:5      | Reached XP level 8. HP: 32/41 MP: 6/14
  8466 | D:6      | Reached * piety under Ashenzari
  8574 | D:6      | Reached skill level 5 in Dodging
 10195 | D:7      | Reached skill level 5 in Spellcasting
 10294 | D:7      | Reached skill level 6 in Dodging
 10375 | D:7      | Reached XP level 9. HP: 45/45 MP: 8/16
 11005 | D:6      | Reached skill level 7 in Dodging
 11089 | D:7      | Noticed a hippogriff
 11268 | D:6      | Killed a hippogriff
 11268 | D:6      | Reached skill level 1 in Fighting
 11268 | D:6      | Reached skill level 1 in Throwing
 12297 | D:7      | Paralysed by a wight for 4 turns
 12434 | D:7      | Paralysed by a wight for 5 turns
 12444 | D:7      | Reached skill level 8 in Dodging
 12653 | D:7      | Found a transporter.
 12654 | D:7      | Noticed dricus's ghost (novice DgIE)
 12658 | D:7      | Identified the cursed +1 dire flail of a Gauntlet {flame,
                  | Str+6}
 12659 | D:7      | Found a transporter.
 13535 | D:8      | Noticed a two-headed ogre
 13767 | D:8      | Found a basalt altar of Yredelemnul.
 14288 | D:8      | Found a burning altar of Makhleb.
 14368 | D:8      | Reached XP level 10. HP: 57/57 MP: 12/17
 14612 | D:9      | Noticed Prince Ribbit
 14667 | D:8      | Killed Prince Ribbit
 14976 | D:8      | Reached skill level 9 in Dodging
 15252 | D:8      | Reached skill level 1 in Evocations
 15514 | D:9      | Reached skill level 5 in Fighting
 15514 | D:9      | Reached skill level 5 in Throwing
 16423 | D:9      | Noticed Maurice
 16553 | D:9      | Found a glowing silver altar of Zin.
 16553 | D:9      | Found an ornate altar of the Wu Jian Council.
 16919 | D:9      | Killed Maurice
 16919 | D:9      | Reached skill level 5 in Evocations
 17407 | D:9      | Found a staircase to the Lair.
 17424 | D:10     | Entered Level 10 of the Dungeon
 17692 | D:10     | Noticed Josephine
 18091 | D:9      | Reached skill level 10 in Dodging
 18505 | D:9      | Reached XP level 11. HP: 52/66 MP: 0/18
 18629 | D:10     | Killed an unseen horror
 18996 | D:10     | Noticed a death yak
 19259 | D:10     | Reached skill level 11 in Dodging
 19600 | D:10     | Identified the cursed -2 buckler "Quirapp" {rF++ Str-3}
 20067 | D:10     | Noticed Nergalle
 20586 | D:11     | Noticed a brown ugly thing
 20586 | D:11     | Identified the ring of Ziufreb {AC+2 Int+5}
 20668 | D:11     | Reached ** piety under Ashenzari
 21278 | D:9      | Upgraded the game from 0.24-a0-433-gbe6fa4f6cc to
                  | 0.24-a0-434-gd57e52fea8
 21279 | Lair:1   | Entered Level 1 of the Lair of Beasts
 22028 | Lair:1   | Noticed Fannar
 22581 | Lair:1   | Killed Fannar
 23922 | Lair:2   | Noticed a five-headed hydra
 24021 | Lair:1   | Reached skill level 12 in Dodging
 27132 | Lair:1   | Reached XP level 12. HP: 77/77 MP: 3/19
 27264 | Lair:1   | Reached skill level 10 in Fighting
 27637 | Lair:2   | Reached skill level 13 in Dodging
 28440 | Lair:1   | Killed a five-headed hydra
 30492 | Lair:2   | Noticed a queen ant
 30511 | Lair:2   | Killed a queen ant
 30563 | Lair:2   | Noticed Erica
 31129 | Lair:3   | Reached skill level 14 in Dodging
 31313 | Lair:3   | Reached *** piety under Ashenzari
 32001 | Lair:3   | Found a runed translucent door.
 32002 | Lair:3   | Found a shimmering altar of Xom.
 32002 | Lair:3   | Noticed Qocimuv's ghost (journeyman GrFi)
 32002 | Lair:3   | Noticed a +2 broad axe of chaos
 32003 | Lair:3   | Identified the +9 short sword "Vomnaqout" {venom, +Rage
                  | Int+3 Dex+2 SInv}
 32761 | Lair:3   | Reached skill level 1 in Short Blades
 34972 | Lair:4   | Reached XP level 13. HP: 83/86 MP: 5/20
 35654 | Lair:4   | Noticed a five-headed hydra
 35948 | Lair:4   | Killed a five-headed hydra
 35948 | Lair:4   | Reached skill level 5 in Short Blades
 37144 | Lair:4   | Found a staircase to the Swamp.
 37174 | Lair:4   | Reached skill level 15 in Dodging
 38268 | Lair:4   | Found a staircase to the Snake Pit.
 39170 | Lair:5   | Noticed a six-headed hydra
 39184 | Lair:5   | Killed a six-headed hydra
 39184 | Lair:5   | Reached skill level 5 in Stealth
 40481 | Lair:5   | Found the +3 robe of Folly {Archmagi, MR-- Int+5}
 41848 | Lair:5   | Noticed a five-headed hydra
 41869 | Lair:5   | Killed from afar by a meliai

Levels and vault maps discovered:
D:1:      zelgadis_glass_arrival_small, layout_loops_ring,
          chequers_serial_rivers_small_b, serial_bayou_pond_b
D:2:      layout_loops_ring, cheibriados_altar_1
D:3:      layout_loops_ring, first_ration
D:4:      layout_loops_ring, lemuel_coloured_pillars_altar,
          kiku_gazebo_pond_becter, vehumet_crystals, minmay_temple_entry_hall,
          nicolae_gozag_cash_rules_everything_around_me
D:5:      layout_rooms, nicolae_overflow_crystal_walls, gammafunk_ghost_arena
D:6:      layout_basic
D:7:      layout_basic, gammafunk_ghost_smash
D:8:      layout_basic, makhleb_blood_cavern_becter, yredelemnul_altar_generic
D:9:      layout_long_grid, gammafunk_temple_overflow_elements,
          grunt_lair_entry_orc_guard_hut, dk_noncrumbling_3, david_nohive_1,
          uniq_prince_ribbit1, uniq_maurice
D:10:     layout_rooms, serial_ice, serial_ice_e, serial_ice_a, serial_ice_d,
          serial_ice_h, uniq_nergalle, uniq_josephine
D:11:     layout_long_grid, david_orc_3, nicolae_trove_entry_columns,
          enter_bailey_1
Temple:   minmay_temple_forest_path
Lair:1:   layout_long_grid, serial_bayou_shore_b, uniq_fannar
Lair:2:   layout_loops_ring, minmay_another_anthill,
          infiniplex_staircase_pool_2, uniq_erica
Lair:3:   lemuel_ratsnest, layout_regular_city, ebering_ghost_xom
Lair:4:   layout_roguey, swamp_mist, dummy_snake_entry,
          infiniplex_staircase_pool
Lair:5:   regret_index_tunnel_blossom, layout_gridlike, slime_altar_2

Skill      XL: |  1  2  3  4  5  6  7  8  9 10 11 12 13 |
---------------+----------------------------------------+-----
Dodging        | 3 4 6 8 10 12 14 15 | 15.4
Hexes          | 1 2 3 4 |  4.1
Conjurations   | 5 6 8 |  8.0
Spellcasting   | 3 4 5 |  5.0
Fighting       | 4 6 9 12 13 | 13.1
Throwing       | 4 5 |  5.0
Evocations     | 6 |  6.0
Short Blades   | 2 7 |  7.1
Stealth        | 7 |  7.6

Action                   |  1- 3 |  4- 6 |  7- 9 | 10-12 | 13-15 || total
-------------------------+-------+-------+-------+-------+-------++-------
Melee: Unarmed           |     9 |       |       |       |       ||     9
       Dagger            |    12 |       |    99 |   664 |   204 ||   979
Throw: Stone             |       |     2 |    21 |     6 |     2 ||    31
       Dart              |       |     2 |     9 |   108 |    32 ||   151
 Cast: Magic Dart        |    67 |   167 |   415 |   858 |   570 ||  2077
       Searing Ray       |     2 |     3 |     2 |       |       ||     7
       Dazzling Spray    |       |     5 |    66 |   166 |    66 ||   303
       Iskenderun's Myst |       |       |       |   104 |     2 ||   106
Invok: Curse Item        |       |       |     2 |       |       ||     2
Evoke: Wand              |       |       |       |    21 |     3 ||    24
  Use: Scroll            |       |     7 |     6 |    10 |     3 ||    26
       Potion            |       |     1 |       |     1 |     1 ||     3
 Stab: Invisible         |       |       |     3 |     4 |     8 ||    15
       Sleeping          |       |       |     1 |     1 |       ||     2
  Eat: Chunk             |    11 |    13 |    31 |    87 |    28 ||   170
       Ration            |       |       |       |     1 |       ||     1
Armor: Robe              |     3 |    13 |    31 |    71 |    53 ||   171
Dodge: Dodged            |    17 |    64 |   291 |  1559 |   756 ||  2687

Table legend:
 A = Non-vault XP
 B = Vault XP
 C = Vault XP percentage of total XP
 D = Non-vault monster count
 E = Vault monster count
 F = Vault count percentage of total count
                 A         B        C        D         E       F
            +---------+---------+-------+---------+---------+-------
      Total |   31401 |   13212 |  29.6 |     304 |     133 |  30.4
            +---------+---------+-------+---------+---------+-------
        D:1 |      44 |      12 |  21.4 |      22 |       5 |  18.5
        D:2 |      91 |       0 |   0.0 |      24 |       0 |   0.0
        D:3 |     112 |       0 |   0.0 |      25 |       0 |   0.0
        D:4 |     528 |       0 |   0.0 |      26 |       0 |   0.0
        D:5 |     698 |       0 |   0.0 |      16 |       0 |   0.0
        D:6 |     894 |       0 |   0.0 |      23 |       0 |   0.0
        D:7 |    1006 |       0 |   0.0 |      29 |       0 |   0.0
        D:8 |     673 |    1068 |  61.3 |      12 |      11 |  47.8
        D:9 |     999 |    2573 |  72.0 |      14 |      17 |  54.8
       D:10 |    2161 |     123 |   5.4 |      20 |       2 |   9.1
       D:11 |      45 |       0 |   0.0 |       1 |       0 |   0.0
     Lair:1 |    6413 |     929 |  12.7 |      21 |       1 |   4.5
     Lair:2 |    2733 |    1574 |  36.5 |      12 |      14 |  53.8
     Lair:3 |    4853 |     568 |  10.5 |      25 |      40 |  61.5
     Lair:4 |    8018 |    1423 |  15.1 |      26 |       3 |  10.3
     Lair:5 |    2133 |    4942 |  69.9 |       8 |      40 |  83.3
            +---------+---------+-------+---------+---------+-------
